 Dungeon Crawl Stone Soup version 0.30.1-11-g7821555f0a (webtiles) character file.

Game seed: 3721633594555411137

4066 SacredBeard the Markself (level 10, -8/46 HPs)
             Began as a Deep Elf Hexslinger on Oct 30, 2023.
             Was a Follower of Hepliaklqana.
             Engulfed by Harold the death drake's foul pestilence (12 damage)
             ... on level 9 of the Dungeon.
             The game lasted 00:35:03 (9601 turns).

SacredBeard the Markself (Deep Elf Hexslinger)      Turns: 9601, Time: 00:35:03

Health: -8/46      AC:  6    Str:  7    XL:     10   Next: 5%
Magic:  18/21      EV:  7    Int: 19    God:    Hepliaklqana [*.....]
Gold:   458        SH:  0    Dex: 19    Spells: 17/21 levels left

rFire   . . .        B - +0 shortbow (drain)
rCold   . . .        (shield currently unavailable)
rNeg    . . .        c - +0 robe
rPois   .            (no helmet)
rElec   .            C - scarf {repulsion}
rCorr   .            z - +2 pair of gloves
SInv    .            H - +0 pair of boots
Will    +....        q - amulet of the acrobat
Stlth   ++           (no ring)
HPRegen 0.27/turn    (no ring)
MPRegen 0.17/turn

%: repel missiles, acrobat
@: lethally poisoned (-8 -> -59), held, slowed, very slow
A: reduced essence
a: Renounce Religion, Recall Ancestor, Ancestor Identity


You were on level 9 of the Dungeon.
You worshipped Hepliaklqana.
Hepliaklqana was aware of your devotion.
You visited 2 branches of the dungeon, and saw 10 of its levels.

You collected 458 gold pieces.

Inventory:

Hand Weapons
 a - a +1 sling
 k - a +3 dagger
 B - a +0 shortbow of draining (weapon)
 L - a +0 shortbow
 M - the +1 quarterstaff "Yrhutiu" {holy, Str+3}
   (You took it off a centaur on level 7 of the Dungeon)

   Str:       It affects your strength (+3).
 N - a +0 shortbow
Armour
 c - a +0 robe (worn)
 v - the +0 ring mail "Qoppetwe" {Str+3}
   (You found it on level 5 of the Dungeon)

   Str:       It affects your strength (+3).
 z - a +2 pair of gloves (worn)
 C - a scarf of repulsion (worn)
 H - a +0 pair of boots (worn)
 P - a +0 leather armour
Jewellery
 q - an amulet of the acrobat (around neck)
 E - an amulet of faith
Wands
 o - a wand of paralysis (15)
 u - a wand of polymorph (7)
 A - a wand of flame (22)
 J - a wand of acid (2)
 Q - a wand of digging (4)
Scrolls
 b - 3 scrolls of poison
 h - 2 scrolls of enchant armour {unknown}
 j - 4 scrolls of teleportation {unknown}
 l - a scroll of immolation {unknown}
 p - a scroll of noise {unknown}
 r - 6 scrolls of identify {unknown}
 w - 2 scrolls of vulnerability {unknown}
 x - 3 scrolls of fear {unknown}
 y - a scroll of summoning {unknown}
 D - a scroll of torment {unknown}
 I - a scroll of amnesia {unknown}
Potions
 d - 3 potions of cancellation {unknown}
 e - 3 potions of haste {unknown}
 f - 4 potions of curing
 g - 3 potions of degeneration {unknown}
 i - a potion of flight {unknown}
 m - a potion of brilliance {unknown}
 n - 3 potions of lignification {unknown}
 s - 2 potions of invisibility {unknown}
 t - 2 potions of heal wounds {unknown}
 F - a potion of resistance {unknown}
 G - a potion of mutation {unknown}
 K - 2 potions of magic {unknown}
 O - a potion of might {unknown}


   Skills:
 - Level 1.0 Fighting
 * Level 16.1 Ranged Weapons
 - Level 1.0 Armour
 + Level 4.2 Dodging
 + Level 6.2 Spellcasting
 + Level 6.1 Hexes
 + Level 2.3 Evocations


You had 17 spell levels left.
You knew the following spells:

 Your Spells              Type           Power      Damage    Failure   Level
a - Slow                  Hex            100%       N/A       1%          1
b - Inner Flame           Hex/Fire       17%        N/A       10%         3

Your spell library contained the following spells:

 Spells                   Type           Power      Damage    Failure   Level
 Cause Fear               Hex            14%        N/A       9%          4
 Portal Projectile        Hex/Tloc       34%        N/A       10%         3
 Summon Guardian Golem    Hex/Summ       17%        N/A       10%         3
 Freeze                   Ice            20%        1d4       11%         1
 Summon Small Mammal      Summ           20%        N/A       11%         1
 Poisonous Vapours        Pois/Air       10%        N/A       17%         2
 Call Canine Familiar     Summ           5%         N/A       32%         3
 Frozen Ramparts          Ice            10%        1d2       32%         3
 Hailstorm                Conj/Ice       5%         3d4       32%         3
 Mephitic Cloud           Conj/Pois/Air  5%         N/A       32%         3
 Ice Form                 Ice/Tmut       5%         N/A       73%         4
 Freezing Cloud           Conj/Ice/Air   2%         6-21      97%         5
 Simulacrum               Ice/Necr       2%         N/A       100%        6


Dungeon Overview and Level Annotations

Branches:
Dungeon (9/15) Zot: 26985  Temple (1/1) D:7 Zot: 5890    Lair (0/5) D:8
    Orc: D:9-12

Altars:
Ashenzari
Cheibriados
Dithmenos
Elyvilon
Fedhas
Gozag
Hepliaklqana
Kikubaaqudgha
Nemelex Xobeh
Okawaru
Qazlal
Ru
Sif Muna
Trog
Uskayaw
Vehumet
Wu Jian
Xom
Yredelemnul
Zin
The Shining One

Shops:
D:2 (   D:4 [

Annotations:
D:9 Harold


Message History

The throwing net hits you.
You become entangled in the net!
Casting: Slow (safe; 1% risk of failure)
Confirm with . or Enter, or press ? or * to list all spells.
Aiming: Slow (safe; 1% risk of failure)
Press: ? - help, Shift-Dir - straight line, f/p - Harold
Aim: Harold, wielding a +0 war axe, wearing a +0 chain mail, quivering 2 throwing nets and carrying a wand of digging (9) (lightly wounded, chance to affect: 23%) Harold seems to slow down.
You are held in a net!
Okay, then.
Unknown command.
You are held in a net!
You cannot shoot with your shortbow while held in a net.
Aiming: Paralyse
Press: ? - help, Shift-Dir - straight line, f/p - Harold
Aim: Harold, wielding a +0 war axe, wearing a +0 chain mail, quivering 2 throwing nets and carrying a wand of digging (9) (lightly wounded, slow, chance to affect: 22%) Harold resists with almost no effort.
Aiming: Polymorph
Press: ? - help, Shift-Dir - straight line, f/p - Harold
Aim: Harold, wielding a +0 war axe, wearing a +0 chain mail, quivering 2 throwing nets and carrying a wand of digging (9) (lightly wounded, slow, will become a death drake, a shock serpent, or a torpor snail, chance to affect: 22%) Harold evaporates and reforms as a death drake!
Harold bites you. Harold breathes miasma at you. The foul vapour misses you.
You are engulfed in dark miasma.
You are poisoned.
You feel yourself slow down.
You feel very sick. Harold bites you.
You struggle against the net.
You are engulfed in dark miasma.
You are lethally poisoned!
* * * LOW HITPOINT WARNING * * *
You feel extremely sick. Harold bites you.
* * * LOW HITPOINT WARNING * * *
Harold bites you.
* * * LOW HITPOINT WARNING * * *
You tear a large gash into the net.
You are engulfed in dark miasma.
You are more poisoned.
You feel as though you will be slow longer.
You die...

#........#
#........#
#.....(..#
#...>....#
#........#
#........#
#........##
#..@...#
#..k...#
#..(...#
#...<..#
#..?...#
+......#
#......#
#......#
##.....#


You could see Harold the death drake.

Vanquished Creatures
  A troll (D:8)
  Grinder (D:6)
  A water moccasin (D:7)
  2 orc warriors
  A sky beast (D:7)
  3 ice beasts
  A wolf (D:8)
  An ogre (D:4)
  3 centaurs
  2 phantoms
  2 kobold brigands
  4 bullfrogs
  A gnoll sergeant (D:6)
  5 scorpions
  5 wights (D:8)
  4 killer bees
  3 electric eels (D:8)
  A howler monkey (D:7)
  8 hounds
  An orc priest (D:7)
  3 gnoll boudas (D:7)
  2 jellies
  7 iguanas
  5 orc wizards (D:7)
  25 gnolls
  2 adders
  A white imp (D:5)
  3 ufetubi
  3 worms
  A dart slug (D:3)
  23 orcs
  4 ball pythons
  5 endoplasms
  30 goblins
  24 hobgoblins
  3 quokkas
  3 bats
  A frilled lizard (D:1)
  15 kobolds
  3 rats
213 creatures vanquished.

Vanquished Creatures (others)
  An ancestor (D:9)
1 creature vanquished.

Grand Total: 214 creatures vanquished

Notes
Turn   | Place    | Note
-------+----------+-------------------------------------------
     0 | D:1      | SacredBeard the Deep Elf Hexslinger began the quest for the
                  | Orb.
     0 | D:1      | Reached XP level 1. HP: 11/11 MP: 5/5
   240 | D:1      | Reached skill level 3 in Ranged Weapons
   542 | D:1      | Reached XP level 2. HP: 16/16 MP: 6/6
   807 | D:2      | Found Wenweh's Weapon Boutique.
   931 | D:2      | Reached skill level 1 in Fighting
  1121 | D:3      | Found a snail-covered altar of Cheibriados.
  1243 | D:3      | Reached XP level 3. HP: 20/20 MP: 8/8
  1887 | D:3      | Learned a level 3 spell: Inner Flame
  1915 | D:4      | Reached skill level 4 in Ranged Weapons
  1915 | D:4      | Reached XP level 4. HP: 25/25 MP: 1/9
  1952 | D:4      | Noticed an ogre
  2012 | D:4      | Noticed a scorpion
  2145 | D:3      | Killed a scorpion
  2146 | D:3      | Reached skill level 1 in Armour
  2146 | D:3      | Reached skill level 1 in Evocations
  2217 | D:4      | Noticed a scorpion
  2251 | D:3      | Killed a scorpion
  2252 | D:3      | Reached XP level 5. HP: 29/29 MP: 6/11
  2554 | D:4      | Found Ximoelot's Armour Emporium.
  2638 | D:4      | Found a bloodstained altar of Trog.
  2638 | D:4      | Found a shimmering blue altar of Sif Muna.
  2646 | D:4      | Found an ancient bone altar of Kikubaaqudgha.
  2648 | D:4      | Found a blossoming altar of Fedhas.
  2650 | D:4      | Found a sparkling altar of Nemelex Xobeh.
  2703 | D:4      | Reached skill level 5 in Ranged Weapons
  2875 | D:4      | Reached skill level 5 in Hexes
  2910 | D:4      | Reached XP level 6. HP: 32/34 MP: 11/13
  3331 | D:4      | Found an ancient bone altar of Kikubaaqudgha.
  3334 | D:4      | Found a basalt altar of Yredelemnul.
  3334 | D:4      | Found a shimmering blue altar of Sif Muna.
  3336 | D:4      | Found a shimmering altar of Xom.
  3336 | D:4      | Found a shimmering altar of Xom.
  3336 | D:4      | Found a basalt altar of Yredelemnul.
  3627 | D:4      | Reached skill level 6 in Ranged Weapons
  3750 | D:5      | Entered Level 5 of the Dungeon
  3893 | D:5      | Identified the +0 ring mail "Qoppetwe" {Str+3}
  4079 | D:5      | Reached XP level 7. HP: 28/38 MP: 12/15
  4695 | D:5      | Reached skill level 7 in Ranged Weapons
  4695 | D:5      | Reached skill level 5 in Spellcasting
  5025 | D:6      | Reached skill level 8 in Ranged Weapons
  5444 | D:6      | Reached XP level 8. HP: 43/43 MP: 10/19
  5569 | D:6      | Reached skill level 9 in Ranged Weapons
  5740 | D:6      | Noticed Grinder
  5927 | D:6      | Reached skill level 10 in Ranged Weapons
  6040 | D:6      | Killed Grinder
  6174 | D:6      | Reached skill level 11 in Ranged Weapons
  6907 | D:7      | Reached skill level 12 in Ranged Weapons
  6944 | D:7      | Found a staircase to the Ecumenical Temple.
  6967 | Temple   | Entered the Ecumenical Temple
  7001 | Temple   | Became a worshipper of Hepliaklqana the Forgotten
  7124 | D:7      | Identified the +1 quarterstaff "Yrhutiu" {holy, Str+3}
  7146 | D:7      | Reached XP level 9. HP: 47/47 MP: 16/20
  7294 | D:7      | Reached skill level 13 in Ranged Weapons
  7749 | D:8      | Noticed a troll
  7785 | D:7      | Reached skill level 14 in Ranged Weapons
  8003 | D:8      | Found a basalt altar of Yredelemnul.
  8025 | D:8      | Killed a troll
  8073 | D:8      | Reached skill level 15 in Ranged Weapons
  8544 | D:8      | Found a staircase to the Lair.
  8610 | D:6      | Reached skill level 16 in Ranged Weapons
  9050 | D:8      | Reached XP level 10. HP: 52/52 MP: 11/21
  9237 | D:8      | Reached * piety under Hepliaklqana
  9399 | D:8      | Found a white marble altar of Elyvilon.
  9463 | D:8      | Found a shadowy altar of Dithmenos.
  9465 | D:8      | Found an iron altar of Okawaru.
  9587 | D:9      | Noticed Harold
  9597 | D:9      | Harold changed into Harold the death drake
  9597 | D:9      | Noticed Harold
  9601 | D:9      | Engulfed by Harold the death drake's foul pestilence

Illustrated notes

Levels and vault maps discovered:
D:1:      reono_arrival_forest_river, layout_basic, minmay_misc_feat_ornament,
          serial_bayou_lagoon_a
D:2:      layout_rooms, serial_shops, nicolae_shop_trees
D:3:      layout_loops_corners, kennysheep_slug_shrine
D:4:      minmay_goblin_kobold_castle, layout_rooms,
          chequers_temple_overflow_minitemple, doesnt_xom_only_xom,
          serial_shops, shop
D:5:      layout_cave_pods
D:6:      layout_loops_corners, serial_co_window_serial, co_window_cross_1,
          co_window_paths_a, co_window_corner_a, co_window_paths_a,
          co_window_paths_a, co_window_unsneaky_path_c, co_window_cross_2,
          co_window_corner_b, co_window_cross_2, co_window_sun, glass_columns_c,
          glass_columns_c, glass_columns_b, glass_columns_b,
          mrwooster_statue_mirror, dk_noncrumbling_3, uniq_grinder
D:7:      layout_loops_cross, minmay_temple_entry_metal_lava, st_stairs_8
D:8:      layout_cave_pools, kennysheep_ying_yang,
          nicolae_overflow_hidden_temple, erik_lair_island, minmay_misc_feat_x
D:9:      layout_gridville, orc_0_dummy, serial_shops, shop, uniq_harold
Temple:   hellmonk_temple_beads

Skill      XL: |  1  2  3  4  5  6  7  8  9 |
---------------+----------------------------+-----
Ranged Weapons | 3 4 5 6 8 12 16 | 16.1
Fighting       | 1 |  1.0
Spellcasting   | 2 3 4 6 |  6.2
Dodging        | 3 4 |  4.2
Armour         | 1 |  1.0
Evocations     | 1 2 |  2.3
Hexes          | 5 6 |  6.1

Action                     |  1- 3 |  4- 6 |  7- 9 | 10-12 || total
---------------------------+-------+-------+-------+-------++-------
   Fire: Sling             |    95 |   196 |    20 |       ||   311
         Shortbow          |       |       |   356 |    19 ||   375
   Cast: Inner Flame       |     2 |    11 |    33 |       ||    46
         Slow              |     1 |    52 |    75 |     5 ||   133
 Invoke: Ancestor Identity |       |       |       |     1 ||     1
  Evoke: Wand              |       |       |       |     2 ||     2
    Use: Potion            |       |       |     3 |       ||     3
 Armour: Robe              |     3 |     4 |    36 |       ||    43
  Dodge: Dodged            |    10 |    49 |   189 |     5 ||   253
         Repelled          |       |       |     2 |       ||     2
